 Dungeon Crawl Stone Soup version 0.27-a0-1595-g0b823d0a13 (webtiles) character file.

Game seed: 11438862735522897622

771 MacCMillion the Stinger (level 7, -8/50 HPs)
             Began as a White Draconian Venom Mage on July 20, 2021.
             Mangled by a wraith (9 damage)
             ... on level 5 of the Dungeon.
             The game lasted 00:29:36 (6455 turns).

MacCMillion the Stinger (DrVM)                      Turns: 6455, Time: 00:29:36

Health: -8/50      AC:  6    Str: 10    XL:     7   Next: 53%
Magic:  10/10      EV: 12    Int: 17    God:
Gold:   205        SH:  0    Dex: 12    Spells: 7/10 levels left

rFire    . . .     SeeInvis .   v - +2 mace (holy)
rCold    + . .     Faith    .   (no shield)
rNeg     . . .     Spirit   .   (armour unavailable)
rPois    .         Reflect  .   (helmet restricted)
rElec    .         Harm     .   (no cloak)
rCorr    .         Rampage  .   (no gloves)
Will     .....                  (no boots)
Stlth    ++........             (no amulet)
HPRegen  0.16/turn              (no ring)
MPRegen  0.12/turn              (no ring)

@: short of breath, slowed, very slow
A: breathe frost, AC +6, unfitting armour, cold resistance 1, cold-blooded
a: Breathe Frost


You were on level 5 of the Dungeon.
You visited 1 branch of the dungeon, and saw 6 of its levels.
You also visited: Sewer.

You collected 205 gold pieces.

Inventory:

Hand Weapons
 b - a +0 dagger
 t - a +0 rapier
 v - a +2 mace of holy wrath (weapon)
Jewellery
 x - the ring "Gadetucu" {rF++ rN+ MP+9}
   (You took it off an orc on level 5 of the Dungeon)

   [ring of positive energy]

   rF:        It greatly protects you from fire.
   rN:        It protects you from negative energy.
   MP:        It affects your magic capacity (+9).
Wands
 u - a wand of acid (12)
 y - a wand of charming (8)
Scrolls
 a - 2 scrolls of amnesia
 d - 4 scrolls of magic mapping {unknown}
 f - 2 scrolls of brand weapon {unknown}
 h - 2 scrolls of blinking {unknown}
 i - 6 scrolls of teleportation {unknown}
 m - a scroll of enchant weapon {unknown}
 w - 2 scrolls of fear {unknown}
 z - a scroll of summoning {unknown}
Potions
 c - 2 potions of haste
 e - a potion of berserk rage
 g - a potion of lignification
 j - a potion of flight
 k - 2 potions of curing
 l - 3 potions of mutation
 n - a potion of ambrosia
 o - 2 potions of resistance
 p - a potion of invisibility {unknown}
 q - a potion of brilliance {unknown}
 r - a potion of heal wounds {unknown}
 s - a potion of might {unknown}


   Skills:
 - Level 0.2 Short Blades
 + Level 2.9 Maces & Flails
 - Level 1.7 Dodging
 - Level 1.7 Stealth
 - Level 2.0 Spellcasting
 - Level 2.0 Transmutations
 + Level 3.4 Air Magic
 + Level 7.2 Poison Magic


You had 7 spell levels left.
You knew the following spells:

 Your Spells              Type           Power      Damage    Failure   Level
a - Sting                 Tmut/Pois      68%        1d6       3%          1
b - Poisonous Vapours     Pois/Air       38%        N/A       3%          2

Your spell library contained the following spells:

 Spells                   Type           Power      Damage    Failure   Level
 Olgreb's Toxic Radiance  Pois           26%        N/A       10%         4
 Mephitic Cloud           Conj/Pois/Air  13%        N/A       14%         3


Dungeon Overview and Level Annotations

Branches:
Dungeon (6/15)              Sewer (visited)
 Temple: D:4-7

Altars:
Ru

Annotations:
D:4 1 runed translucent door, Crazy Yiuf, Menkaure


Innate Abilities, Weirdness & Mutations

You can breathe waves of freezing cold which knock back foes.
Your icy white scales are hard. (AC +6)
You cannot fit into any form of body armour.
Your flesh is cold resistant. (rC+)
You are cold-blooded and may be slowed by cold attacks.


Message History

The wraith hits you. The wraith drains your vigour!
You feel yourself slow down.
You closely miss the wraith.
The wraith is moderately damaged.
The wraith hits you! The wraith barely misses you.
You hit the wraith but do no damage.
The wraith is moderately damaged.
The wraith misses you. The wraith hits you! The wraith drains your vigour!
You feel as though you will be slow longer.
You hit the wraith.
The wraith convulses.
The wraith is moderately damaged.
The wraith hits you. The wraith drains your vigour!
You feel as though you will be slow longer.
The wraith barely misses you.
You completely miss the wraith.
The wraith is moderately damaged.
The wraith hits you but does no damage. The wraith hits you.
The wraith drains your vigour!
You feel as though you will be slow longer.
You hit the wraith but do no damage.
The wraith is moderately damaged.
The wraith closely misses you. The wraith barely misses you.
You barely miss the wraith.
The wraith is moderately damaged.
The wraith hits you. The wraith drains your vigour!
You feel as though you will be slow longer.
Press: ? - help, Shift-Dir - straight line, f - wraith
Aim: a wraith (moderately damaged)
You exhale a wave of freezing cold.
The freezing breath misses the wraith.
The wraith hits you!
* * * LOW HITPOINT WARNING * * *
The wraith drains your vigour!
You feel as though you will be slow longer.
The wraith barely misses you.
You hit the wraith but do no damage.
Your tail-slap misses the wraith.
The wraith is moderately damaged.
The wraith hits you.
* * * LOW HITPOINT WARNING * * *
The wraith hits you!
You die...

#.#.# #......#
###.#...#.#..#
#.........#..#
#####.#####..#
...# #..# # ###
# #..# .# #
#..###.#.#
#........#
...)...#@W.###
#####..........#
#....#>....#
#..#.......#
#..... .....
..######...# ###
.### #


You could see a wraith.

Vanquished Creatures
  Grinder (D:4)
  2 kobold brigands (Sewer)
  A bullfrog (D:5)
  A scorpion (D:4)
  A water moccasin skeleton (D:4)
  2 iguanas (D:5)
  2 orc wizards (D:5)
  A hound skeleton (D:4)
  A gnoll (D:6)
  An adder (D:4)
  A river rat (D:3)
  A shadow imp (D:5)
  An adder skeleton (D:4)
  A worm (D:3)
  2 dart slugs
  4 orcs
  6 endoplasms
  6 giant cockroaches
  4 hobgoblins
  4 jackals (D:1)
  19 kobolds
  6 quokkas
  11 ball pythons
  6 bats
  4 frilled lizards
  3 goblins
  14 rats
  A spectral hobgoblin (D:3)
107 creatures vanquished.

Vanquished Creatures (others)
  3 plants (Sewer)
3 creatures vanquished.

Grand Total: 110 creatures vanquished

Notes
Turn   | Place    | Note
-------+----------+-------------------------------------------
     0 | D:1      | MacCMillion the Draconian Venom Mage began the quest for
                  | the Orb.
     0 | D:1      | Reached XP level 1. HP: 14/14 MP: 3/3
   343 | D:1      | Reached XP level 2. HP: 20/20 MP: 1/5
  1109 | D:1      | Reached skill level 4 in Poison Magic
  1323 | D:2      | Reached XP level 3. HP: 26/26 MP: 4/6
  2291 | D:3      | Found a glowing drain.
  2307 | Sewer    | Entered a sewer
  2391 | Sewer    | Reached XP level 4. HP: 33/33 MP: 5/7
  2463 | Sewer    | Noticed a kobold brigand
  2491 | Sewer    | Killed a kobold brigand
  2492 | Sewer    | Reached skill level 5 in Poison Magic
  2492 | Sewer    | Reached XP level 5. HP: 30/38 MP: 8/8
  2934 | Sewer    | Reached skill level 6 in Poison Magic
  3101 | Sewer    | Learned a level 2 spell: Poisonous Vapours
  3189 | D:3      | Found a faded altar of an unknown god.
  4440 | D:4      | Reached skill level 1 in Air Magic
  4440 | D:4      | Reached XP level 6. HP: 29/45 MP: 9/9
  4579 | D:4      | Found a runed translucent door.
  4580 | D:4      | Noticed Crazy Yiuf
  4597 | D:4      | Noticed Menkaure
  4721 | D:4      | Noticed Grinder
  4729 | D:4      | Killed Grinder
  4730 | D:4      | Reached skill level 1 in Maces & Flails
  4730 | D:4      | Your scales start taking on an icy white colour.
  4730 | D:4      | Reached XP level 7. HP: 32/50 MP: 4/10
  4730 | D:4      | Gained mutation: Your flesh is cold resistant. (rC+) [White
                  | Draconian growth]
  5071 | D:5      | Entered Level 5 of the Dungeon
  5093 | D:5      | Reached skill level 7 in Poison Magic
  5173 | D:5      | Identified the ring "Gadetucu" {rF++ rN+ MP+9}
  5491 | D:5      | Found a sacrificial altar of Ru.
  5902 | D:5      | Noticed a wraith
  6455 | D:5      | HP: 1/50 [wraith (4)]
  6455 | D:5      | Mangled by a wraith

Illustrated notes

Levels and vault maps discovered:
D:1:      evilmike_arrival_rings, layout_loops_cross, minivault_11,
          lemuel_old_faithful
D:2:      layout_basic, minmay_pentomino_t2
D:3:      layout_basic, dreamdust_ecumenical_altar_drowned_temple,
          portal_sewer_entry_e
D:4:      layout_basic, uniq_crazy_yiuf_cottage, uniq_grinder, uniq_menkaure
D:5:      layout_basic, mainiacjoe_overflow_alcove_2
D:6:      layout_rooms, mainiacjoe_overflow_alcove_4,
          minmay_temple_entry_drinking_statues, corexii_hall_statues_i,
          minivault_19, serial_bayou_pond_a, minmay_gold_behind_fungi,
          uniq_sigmund

Skill      XL: |  1  2  3  4  5  6  7 |
---------------+----------------------+-----
Poison Magic   | 4 5 6 7 |  7.2
Transmutations | 2 |  2.0
Air Magic      | 1 2 3 |  3.4
Maces & Flails | 1 2 |  2.9
Short Blades   | |  0.2
Dodging        | |  1.7
Stealth        | |  1.7
Spellcasting   | |  2.0

Action                   |  1- 3 |  4- 6 |  7- 9 || total
-------------------------+-------+-------+-------++-------
Melee: Dagger            |    31 |    54 |       ||    85
       Tailslap          |     2 |    10 |     2 ||    14
       Rapier            |       |     6 |       ||     6
       Mace              |       |     5 |    26 ||    31
 Cast: Sting             |    69 |    82 |    27 ||   178
       Poisonous Vapours |       |     1 |     8 ||     9
 Abil: Breathe Frost     |       |       |     1 ||     1
  Use: Potion            |       |     3 |       ||     3
       Scroll            |       |     6 |       ||     6
Armor: Skin              |    18 |    33 |     4 ||    55
Dodge: Dodged            |    53 |    78 |    43 ||   174

Table legend: (Time is in decaauts)
 A = Elapsed time spent in this place.
 B = Non-inter-level travel time spent in this place.
 C = Inter-level travel time spent in this place.
 D = Time resting spent in this place.
 E = Time spent auto-exploring this place.
 F = Levels seen in this place.
 G = Mean time per level.
                   A        B        C        D        E       F      G
               +--------+--------+--------+--------+--------+-----+--------+
         Total |   6528 |   6096 |    432 |    721 |   3994 |   7 |  932.6 |
       Dungeon |   5683 |   5251 |    432 |    514 |   3745 |   6 |  947.2 |
         Sewer |    845 |    845 |      0 |    207 |    249 |   1 |  845.0 |
               +--------+--------+--------+--------+--------+-----+--------+

Top non-repeatable levels by time:
     D:5: 1238 daAuts
     D:1: 1232 daAuts
     D:4: 1219 daAuts
     D:3: 1107 daAuts
     D:2: 877 daAuts
   Sewer: 845 daAuts
     D:6: 8 daAuts
